 Dungeon Sprint DCSS version 0.17.1-3-g152610e (webtiles) character file.

164746 hexophile the Spriggan Blade (level 15, -25/100 HPs)
             Began as a Spriggan Berserker on Apr 24, 2016.
             Was the Champion of the Shining One.
             Blown up by an ancient lich (58 damage)
             ... with a wavering orb of destruction
             ... in the Dungeon (Sprint IX: "|||||||||||||||||||||||||||||").
             The game lasted 00:30:53 (13253 turns).

hexophile the Spriggan Blade (Spriggan Berserker)  Turns: 13253, Time: 00:30:53

Health: -25/100    AC: 14    Str: 18    XL:     15   Next: 81%
Magic:  4/6        EV: 33    Int:  9    God:    the Shining One [******]
Gold:   953        SH:  8    Dex: 17    Spells: 0 memorised, 14 levels left

rFire  + . .     SeeInvis +     c - +9 double sword (antimagic)
rCold  + . .     Clarity  .     N - +1 swamp dragon armour {rPois}
rNeg   + + +     SustAt   .     (shield currently unavailable)
rPois  +         Gourm    .     s - +1 hat
rElec  .         Spirit   .     (no cloak)
rCorr  .         Warding  .     (gloves unavailable)
rMut   .         NoTele   +     (boots unavailable)
MR     ++...                    I - amulet of faith {Faith}
Stlth  +.........               o - ring of protection from fire {rF+}
                                H - ring of protection from cold {rC+}

@: divine shield, glowing, very quick, very resistant to hostile enchantments,
very unstealthy
A: unfitting armour, see invisible, herbivore 3, speed 3, slow metabolism 2
a: Divine Shield, Cleansing Flame, Summon Divine Warrior, Brand Weapon With Holy
Wrath, Renounce Religion
}: 4/15 runes: decaying, serpentine, barnacled, gossamer


You were in the Dungeon.
You worshipped the Shining One.
The Shining One was exalted by your worship.
You were not hungry.

You visited 1 branch You collected 1908 gold pieces.
You spent 955 gold pieces at shops.


Innate Abilities, Weirdness & Mutations

You are tiny and cannot use many weapons and most armour.
You have supernaturally acute eyesight.
You are a herbivore.
You cover ground extremely quickly.
You need consume almost no food.

Inventory:

Hand Weapons
 c - a +9 antimagic double sword (weapon)
 m - a +4 demon blade of freezing
 x - the +6 double sword of Darkness {slice, rElec}
   (Trog gifted it to you in the Dungeon)

   It inflicts extra damage upon your enemies.
   It insulates you from electricity.
 A - the +2 long sword of Quick Death {elec, rC+ Str-4 SInv Stlth+}
   (Trog gifted it to you in the Dungeon)

   Occasionally, upon striking a foe, it will discharge some electrical energy
   and cause terrible harm.
   It affects your strength (-4).
   It protects you from cold.
   It lets you see invisible.
   It makes you more stealthy.
 L - a +3 arbalest of freezing
 O - the +8 scimitar "Itaint" {flame, rF+ rN+ Str+4 Stlth+}
   (Trog gifted it to you in the Dungeon)

   It has been specially enchanted to burn those struck by it, causing extra
   injury to most foes and up to half again as much damage against particularly
   susceptible opponents.
   Big, fiery blades are also staple armaments of hydra-hunters.
   It affects your strength (+4).
   It protects you from fire.
   It protects you from negative energy.
   It makes you more stealthy.
Missiles
 u - 5 steel tomahawks (quivered)
 y - 3 needles of confusion
 F - 2 throwing nets {+f}
Armour
 b - a +0 animal skin
 s - a +1 hat (worn)
 B - a +1 fire dragon armour {rF++ rC-}
 N - a +1 swamp dragon armour (worn) {rPois}
Jewellery
 a - a +3 ring of strength
 n - a +3 ring of strength
 o - a ring of protection from fire (right hand) {rF+}
 E - an uncursed ring of protection from cold {rC+}
 G - an uncursed ring of invisibility {+Inv}
 H - a ring of protection from cold (left hand) {rC+}
 I - an amulet of faith (around neck) {Faith}
Wands
 l - a wand of cold (3)
Scrolls
 i - 2 scrolls of blinking
 k - 6 scrolls of remove curse
 t - 4 scrolls of enchant weapon
 D - a scroll of fear
 J - 2 scrolls of fog
 M - a scroll of recharging
Potions
 d - 5 potions of curing
 e - 5 potions of heal wounds
 f - 2 potions of haste
 g - 4 potions of magic
 h - 2 potions of berserk rage
 j - a potion of invisibility
 p - 2 potions of cure mutation {!q}
 q - a potion of agility {Stlth+ Dex+5 EV+5}
 C - 3 potions of brilliance {Archmagi Int+5 Wiz++}
Miscellaneous
 v - a disc of storms
Comestibles
 r - 11 bread rations
 w - 15 fruits
 z - 12 meat rations


You had 14 spell levels left.
You didn't know any spells.


   Skills:
 * Level 21.4 Fighting
 * Level 22.2 Long Blades
 * Level 17.4 Armour
 - Level 21.6 Dodging
 * Level 5.8 Invocations

Dungeon Overview and Level Annotations

Branches:
Dungeon (1/1)

Altars:
Cheibriados
Dithmenos
Elyvilon
Fedhas
Gozag
Kikubaaqudgha
Makhleb
Nemelex Xobeh
Okawaru
Qazlal
Ru
Sif Muna
Trog
Vehumet
Xom
Yredelemnul
Zin
The Shining One
Beogh
Jiyva
Lugonu

Shops:
D :%=*

Vault maps used:
D:        linesprint
You       could see an ironheart preserver, an ancient lich (invisible), an ogre
          mage, a vault sentinel and 2 ironbrand convokers.


Message History

The Shining One will bless your weapon with holy wrath... once.
An ogre mage comes into view. It is wielding a spear.
The ogre mage shouts!
You slice the ancient lich!!
The ancient lich's magic leaks into the air.
The ancient lich is lightly damaged.
The ancient lich barely misses you.
You slice the ancient lich!!
The ancient lich's magic leaks into the air.
The ancient lich is moderately damaged.
The vault sentinel blows a loud note on a signal horn!
The ancient lich touches you!!
The ironheart preserver gestures wildly while chanting.
The ironheart preserver begins to accept its allies' injuries.
You lost 21 HP.
You have now: 54/100 HP.
You slice the ancient lich!!
The ancient lich's magic leaks into the air.
The ancient lich is heavily damaged.
The ancient lich falters for a moment.
You hit the ancient lich.
The ancient lich's magic leaks into the air.
The ancient lich is heavily damaged.
The ogre mage gestures wildly while chanting.
The ogre mage blinks!
You slice the ancient lich!!
The ancient lich's magic leaks into the air.
The ancient lich is heavily damaged.
The ancient lich touches you!!
* * * LOW HITPOINT WARNING * * *
The ironheart preserver gestures wildly while chanting.
The ironheart preserver is healed somewhat.
You lost 21 HP.
You have now: 33/100 HP.
You hit the ancient lich.
The ancient lich's magic leaks into the air.
The ancient lich is heavily damaged.
The ironbrand convoker points at the ironheart preserver and mumbles some strange words.
The ironheart preserver seems to grow stronger.
The vault sentinel blows a loud note on a signal horn!
The ancient lich completely misses you.
The ironheart preserver gestures wildly while chanting.
The ironheart preserver is healed somewhat.
Your swamp dragon armour prevents you from hitting the ancient lich.
The ancient lich is heavily damaged.
You slash the ancient lich!
The ancient lich's magic leaks into the air.
The ancient lich is severely damaged.
The ancient lich conjures an orb of pure magic.
The wavering orb of destruction weakly hits you!
Ouch! That really hurt!
You die...

Action                   |  1- 3 |  4- 6 |  7- 9 | 10-12 | 13-15 || total
-------------------------+-------+-------+-------+-------+-------++-------
Melee: Falchion          |    23 |    12 |       |       |       ||    35
       Scimitar          |       |     5 |   104 |     7 |    61 ||   177
       Double sword      |       |       |       |   293 |   584 ||   877
       Demon blade       |       |       |       |    15 |       ||    15
Throw: Tomahawk          |       |       |       |     1 |       ||     1
Invok: Berserk           |     2 |     1 |     1 |     2 |     9 ||    15
       Trog's Hand       |       |       |     3 |    10 |    22 ||    35
       Brothers in Arms  |       |       |       |    15 |    11 ||    26
       Divine Shield     |       |       |       |       |     1 ||     1
Evoke: Wand              |       |     6 |     1 |     4 |     1 ||    12
       Disc of storms    |       |       |       |     2 |       ||     2
       Phantom mirror    |       |       |       |     1 |       ||     1
  Use: Potion            |       |       |       |     5 |     3 ||     8
       Scroll            |       |       |       |     3 |     8 ||    11
 Stab: Confused          |       |       |       |     3 |       ||     3
  Eat: Bread ration      |       |       |     1 |       |     1 ||     2
       Fruit             |       |       |       |     9 |    16 ||    25

Notes
Turn   | Place    | Note
--------------------------------------------------------------
     0 | D        | hexophile the Spriggan Berserker began the quest for the Orb.
     0 | D        | Reached XP level 1. HP: 11/11 MP: 2/2
   110 | D        | Reached skill level 3 in Long Blades
   116 | D        | Reached ** piety under Trog
   186 | D        | Noticed a phantom
   190 | D        | Reached *** piety under Trog
   198 | D        | Killed a phantom
   198 | D        | Reached skill level 5 in Long Blades
   198 | D        | Reached skill level 9 in Dodging
   198 | D        | Reached XP level 2. HP: 16/16 MP: 3/3
   198 | D        | Reached XP level 3. HP: 19/19 MP: 4/4
   198 | D        | Reached XP level 4. HP: 23/23 MP: 5/5
   205 | D        | Reached skill level 6 in Long Blades
   262 | D        | Found a glowing silver altar of Zin.
   262 | D        | Found a glowing golden altar of the Shining One.
   262 | D        | Found an ancient bone altar of Kikubaaqudgha.
   262 | D        | Found a basalt altar of Yredelemnul.
   262 | D        | Found a shimmering altar of Xom.
   262 | D        | Found a radiant altar of Vehumet.
   263 | D        | Found an iron altar of Okawaru.
   264 | D        | Found a burning altar of Makhleb.
   265 | D        | Found a deep blue altar of Sif Muna.
   266 | D        | Found a bloodstained altar of Trog.
   267 | D        | Found a sparkling altar of Nemelex Xobeh.
   268 | D        | Found a white marble altar of Elyvilon.
   269 | D        | Found a roughly hewn altar of Beogh.
   270 | D        | Found a viscous altar of Jiyva.
   271 | D        | Found a corrupted altar of Lugonu.
   272 | D        | Found a blossoming altar of Fedhas.
   273 | D        | Found a snail-covered altar of Cheibriados.
   274 | D        | Found a shadowy altar of Dithmenos.
   275 | D        | Found a stormy altar of Qazlal.
   276 | D        | Found an opulent altar of Gozag.
   277 | D        | Found a sacrificial altar of Ru.
   320 | D        | Noticed a jelly
   320 | D        | Noticed an orc warrior
   320 | D        | Noticed a deep elf mage
   323 | D        | Killed a deep elf mage
   323 | D        | Reached **** piety under Trog
   323 | D        | Reached skill level 7 in Long Blades
   323 | D        | Reached skill level 12 in Dodging
   323 | D        | Reached XP level 5. HP: 24/27 MP: 6/6
   325 | D        | Killed a jelly
   325 | D        | Reached skill level 8 in Long Blades
   330 | D        | Killed an orc warrior
   330 | D        | Reached skill level 3 in Fighting
   330 | D        | Reached skill level 13 in Dodging
   330 | D        | Reached XP level 6. HP: 13/32 MP: 7/7
   540 | D        | Noticed a crimson imp
   540 | D        | Noticed a troll
   540 | D        | Noticed a giant frog
   540 | D        | Noticed an unseen horror
   540 | D        | Noticed a gargoyle
   542 | D        | Killed a giant frog
   542 | D        | Reached ***** piety under Trog
   542 | D        | Reached skill level 4 in Fighting
   544 | D        | Killed a gargoyle
   544 | D        | Reached skill level 5 in Fighting
   544 | D        | Reached skill level 9 in Long Blades
   544 | D        | Reached skill level 14 in Dodging
   544 | D        | Reached XP level 7. HP: 35/39 MP: 8/8
   549 | D        | Killed an unseen horror
   549 | D        | Reached skill level 7 in Fighting
   549 | D        | Reached skill level 10 in Long Blades
   549 | D        | Reached skill level 15 in Dodging
   549 | D        | Reached XP level 8. HP: 46/46 MP: 9/9
   552 | D        | Killed a troll
   552 | D        | Received a gift from Trog
   552 | D        | Reached skill level 16 in Dodging
   555 | D        | Killed a crimson imp
   718 | D        | Noticed a blink frog
   718 | D        | Noticed a wolf
   718 | D        | Noticed a porcupine
   718 | D        | Noticed a crocodile
   718 | D        | Noticed an iguana
   718 | D        | Noticed a yak
   719 | D        | Noticed a water moccasin
   722 | D        | Killed a yak
   726 | D        | Killed an iguana
   731 | D        | Killed a crocodile
   732 | D        | Noticed a basilisk
   749 | D        | Killed a porcupine
   749 | D        | Reached skill level 8 in Fighting
   749 | D        | Reached skill level 11 in Long Blades
   757 | D        | Killed a wolf
   757 | D        | Reached skill level 17 in Dodging
   761 | D        | Killed a water moccasin
   761 | D        | Reached XP level 9. HP: 27/52 MP: 10/10
   767 | D        | Killed a basilisk
   779 | D        | Killed a blink frog
   842 | D        | Noticed a yak
   842 | D        | Noticed a giant frog
   842 | D        | Noticed a yak
   842 | D        | Noticed a porcupine
   842 | D        | Noticed a crocodile
   848 | D        | Killed a crocodile
   848 | D        | Received a gift from Trog
   848 | D        | Reached skill level 9 in Fighting
   851 | D        | Killed a porcupine
   853 | D        | Noticed a spiny frog
   856 | D        | Noticed a seven-headed hydra
   861 | D        | Killed a yak
   861 | D        | Reached skill level 18 in Dodging
   865 | D        | Killed a giant frog
  1115 | D        | Killed a one-headed hydra
  1115 | D        | Reached skill level 12 in Long Blades
  1118 | D        | Killed a yak
  1118 | D        | Reached skill level 10 in Fighting
  1121 | D        | Reached ****** piety under Trog
  1438 | D        | Killed a spiny frog
  1438 | D        | Reached skill level 19 in Dodging
  1438 | D        | Reached XP level 10. HP: 50/59 MP: 11/11
  1447 | D        | Noticed a black bear
  1447 | D        | Noticed a black bear
  1447 | D        | Noticed a black bear
  1447 | D        | Noticed a black bear
  1447 | D        | Noticed a polar bear
  1447 | D        | Noticed a polar bear
  1450 | D        | Noticed a polar bear
  1455 | D        | Killed a polar bear
  1455 | D        | Received a gift from Trog
  1456 | D        | Noticed a polar bear
  1520 | D        | Killed a polar bear
  1523 | D        | Killed a black bear
  1525 | D        | Killed a black bear
  1547 | D        | Killed a polar bear
  1556 | D        | Killed a polar bear
  1561 | D        | Killed a black bear
  1580 | D        | Killed a black bear
  1759 | D        | Noticed an orc priest
  1759 | D        | Noticed an orc priest
  1759 | D        | Noticed an orc priest
  1759 | D        | Noticed an orc warrior
  1759 | D        | Noticed an orc priest
  1763 | D        | Killed an orc priest
  1765 | D        | Killed an orc warrior
  1770 | D        | Noticed an orc warrior
  1770 | D        | Killed an orc priest
  1770 | D        | Received a gift from Trog
  1771 | D        | Killed an orc priest
  1775 | D        | Killed an orc warrior
  1776 | D        | Killed an orc priest
  1777 | D        | Got an encrusted dagger {god gift}
  1793 | D        | Received a gift from Trog
  1904 | D        | Noticed an orc warrior
  1904 | D        | Noticed an orc warrior
  1904 | D        | Noticed an orc warrior
  1904 | D        | Noticed an orc warrior
  1904 | D        | Noticed an orc knight
  1915 | D        | Killed an orc knight
  1915 | D        | Reached skill level 11 in Fighting
  1915 | D        | Reached skill level 13 in Long Blades
  1928 | D        | Killed an orc warrior
  1935 | D        | Killed an orc warrior
  1935 | D        | Reached skill level 20 in Dodging
  1937 | D        | Noticed a rust devil
  1938 | D        | Noticed an orc high priest
  1939 | D        | Killed an orc warrior
  1943 | D        | Killed an orc warrior
  1997 | D        | Killed an orc high priest
  1997 | D        | Received a gift from Trog
  2027 | D        | Noticed an orc knight
  2027 | D        | Noticed an orc warrior
  2029 | D        | Noticed an orc warrior
  2044 | D        | Killed an orc knight
  2045 | D        | Killed an orc warrior
  2047 | D        | Killed an orc warrior
  2047 | D        | Received a gift from Trog
  2056 | D        | Noticed an orc warrior
  2065 | D        | Killed an orc warrior
  2075 | D        | Noticed an orc warrior
  2086 | D        | Killed an orc warrior
  2144 | D        | Found Bugaw's General Store.
  2144 | D        | Noticed a two-headed ogre
  2144 | D        | Noticed an ogre
  2144 | D        | Noticed a two-headed ogre
  2144 | D        | Noticed an ogre
  2144 | D        | Noticed an ogre mage
  2145 | D        | Noticed an ogre
  2155 | D        | Killed an ogre mage
  2157 | D        | Killed an ogre
  2159 | D        | Killed an ogre
  2159 | D        | Received a gift from Trog
  2168 | D        | Noticed a two-headed ogre
  2170 | D        | Killed a two-headed ogre
  2172 | D        | Killed a two-headed ogre
  2173 | D        | Noticed a two-headed ogre
  2176 | D        | Killed a two-headed ogre
  2176 | D        | Reached skill level 21 in Dodging
  2176 | D        | Reached XP level 11. HP: 66/66 MP: 4/12
  2183 | D        | Killed a two-headed ogre
  2185 | D        | Found Poyleik's Jewellery Shop.
  2189 | D        | Found Oriz's Food Boutique.
  2192 | D        | Found Fuoneis's Book Shop.
  2193 | D        | Noticed an ogre mage
  2194 | D        | Noticed a two-headed ogre
  2195 | D        | Noticed an ogre mage
  2197 | D        | Killed an ogre
  2198 | D        | Noticed a two-headed ogre
  2205 | D        | Noticed an ogre
  2209 | D        | Killed an ogre mage
  2209 | D        | Received a gift from Trog
  2209 | D        | Reached skill level 12 in Fighting
  2212 | D        | Killed an ogre mage
  2212 | D        | Reached skill level 14 in Long Blades
  2215 | D        | Killed a two-headed ogre
  2219 | D        | Killed a two-headed ogre
  2260 | D        | Killed an ogre
  2676 | D        | Bought an uncursed ring of protection from cold for 275 gold pieces
  2676 | D        | Bought an uncursed amulet of faith for 440 gold pieces
  2678 | D        | Bought a disc of storms for 240 gold pieces
  2835 | D        | Noticed a tengu warrior
  2835 | D        | Noticed an orc knight
  2835 | D        | Noticed a basilisk
  2835 | D        | Noticed a hill giant
  2835 | D        | Noticed a freezing wraith
  2843 | D        | Killed a freezing wraith
  2848 | D        | Noticed a stone giant
  2851 | D        | Killed a hill giant
  2851 | D        | Received a gift from Trog
  2851 | D        | Reached skill level 1 in Armour
  2875 | D        | Killed a basilisk
  2875 | D        | Reached skill level 2 in Armour
  2891 | D        | Killed a stone giant
  2892 | D        | Killed an orc knight
  2892 | D        | Reached skill level 3 in Armour
  2901 | D        | Killed a tengu warrior
  2901 | D        | Reached skill level 13 in Fighting
  2967 | D        | Noticed a necromancer
  2968 | D        | Noticed a frost giant
  2969 | D        | Noticed a stone giant
  2970 | D        | Noticed a green ugly thing
  2974 | D        | Killed a necromancer
  2974 | D        | Received a gift from Trog
  2977 | D        | Noticed an ice dragon
  2983 | D        | Killed a frost giant
  2983 | D        | Reached skill level 4 in Armour
  2989 | D        | Noticed an ogre mage
  2989 | D        | Killed a stone giant
  2994 | D        | Killed a green ugly thing
  2999 | D        | Killed an ice dragon
  2999 | D        | Received a gift from Trog
  2999 | D        | Reached skill level 15 in Long Blades
  2999 | D        | Reached skill level 5 in Armour
  3018 | D        | Killed an ogre mage
  3277 | D        | Noticed Harold
  3300 | D        | Killed Harold
  3358 | D        | Noticed an anaconda
  3358 | D        | Noticed a naga mage
  3358 | D        | Noticed a greater naga
  3358 | D        | Noticed an anaconda
  3358 | D        | Noticed a black mamba
  3358 | D        | Noticed a black mamba
  3366 | D        | Noticed a shock serpent
  3425 | D        | Killed an anaconda
  3425 | D        | Reached skill level 6 in Armour
  3425 | D        | Reached XP level 12. HP: 41/74 MP: 4/13
  3427 | D        | Killed a black mamba
  3427 | D        | Received a gift from Trog
  3497 | D        | Killed a black mamba
  3497 | D        | Reached skill level 14 in Fighting
  3503 | D        | Killed a naga mage
  3503 | D        | Received a gift from Trog
  3819 | D        | Killed a greater naga
  3827 | D        | Killed an anaconda
  3827 | D        | Reached skill level 7 in Armour
  3845 | D        | Killed a shock serpent
  3856 | D        | Noticed a black mamba
  3865 | D        | Killed a black mamba
  3865 | D        | Received a gift from Trog
  4207 | D        | Noticed a naga mage
  4224 | D        | Killed a naga mage
  4239 | D        | Noticed a bog body
  4239 | D        | Noticed a wasp
  4239 | D        | Noticed a thorn hunter
  4239 | D        | Noticed a spiny frog
  4239 | D        | Noticed a shadow
  4239 | D        | Noticed a slime creature
  4243 | D        | Killed a slime creature
  4246 | D        | Noticed a spriggan rider
  4247 | D        | Noticed a spriggan druid
  4252 | D        | Killed a thorn hunter
  4252 | D        | Reached skill level 16 in Long Blades
  4254 | D        | Killed a shadow
  4255 | D        | Killed a spiny frog
  4257 | D        | Killed a wasp
  4264 | D        | Killed a bog body
  4264 | D        | Received a gift from Trog
  4264 | D        | Reached skill level 8 in Armour
  4265 | D        | Noticed a swamp drake
  4271 | D        | Killed a spriggan
  4274 | D        | Killed a wasp
  4282 | D        | Killed a spriggan druid
  4282 | D        | Received a gift from Trog
  4289 | D        | Killed a swamp drake
  4430 | D        | Noticed a demonic crawler
  4430 | D        | Noticed a demonic crawler
  4430 | D        | Noticed a wolf spider
  4430 | D        | Noticed a ghost moth
  4430 | D        | Noticed a demonic crawler
  4430 | D        | Noticed a trapdoor spider
  4432 | D        | Noticed a demonic crawler
  4438 | D        | Killed a demonic crawler
  4449 | D        | Killed a ghost moth
  4449 | D        | Reached skill level 15 in Fighting
  4456 | D        | Killed a wolf spider
  4457 | D        | Noticed a jumping spider
  4462 | D        | Killed a demonic crawler
  4462 | D        | Received a gift from Trog
  4517 | D        | Killed a demonic crawler
  4524 | D        | Killed a demonic crawler
  4524 | D        | Reached skill level 9 in Armour
  4528 | D        | Killed a jumping spider
  4557 | D        | Noticed a wolf spider
  4563 | D        | Killed a wolf spider
  4590 | D        | Killed a trapdoor spider
  4595 | D        | Noticed a merfolk
  4595 | D        | Noticed a siren
  4595 | D        | Noticed an alligator snapping turtle
  4595 | D        | Noticed a water nymph
  4595 | D        | Noticed a siren
  4595 | D        | Noticed a harpy
  4606 | D        | Killed a harpy
  4607 | D        | Noticed a satyr
  4614 | D        | Noticed a water elemental
  4641 | D        | Killed an alligator snapping turtle
  4641 | D        | Received a gift from Trog
  4645 | D        | Killed a siren
  4646 | D        | Killed a siren
  4646 | D        | Received a gift from Trog
  4647 | D        | Killed a water nymph
  4647 | D        | Reached XP level 13. HP: 41/81 MP: 4/14
  4647 | D        | Killed a merfolk
  4673 | D        | Noticed a merfolk
  4680 | D        | Killed a satyr
  4680 | D        | Reached skill level 17 in Long Blades
  4682 | D        | Killed a water elemental
  4686 | D        | Killed a merfolk
  4902 | D        | Noticed an eight-headed hydra
  4913 | D        | Killed a two-headed hydra
  4913 | D        | Reached skill level 10 in Armour
  4971 | D        | Noticed a six-headed hydra
  5235 | D        | Killed a one-headed hydra
  5252 | D        | Noticed a juggernaut
  5252 | D        | Noticed a deep troll shaman
  5252 | D        | Noticed a fire dragon
  5252 | D        | Noticed a vampire mage
  5252 | D        | Noticed a fire giant
  5252 | D        | Noticed a deep troll shaman
  5257 | D        | Killed a deep troll shaman
  5257 | D        | Received a gift from Trog
  5257 | D        | Reached skill level 16 in Fighting
  5370 | D        | Killed a vampire mage
  5418 | D        | Killed a fire giant
  5418 | D        | Received a gift from Trog
  5462 | D        | Killed a juggernaut
  5462 | D        | Reached skill level 11 in Armour
  5516 | D        | Killed a fire dragon
  5539 | D        | Noticed a great orb of eyes
  5540 | D        | Noticed a great orb of eyes
  5544 | D        | Noticed an ettin
  5693 | D        | Killed a deep troll shaman
  5693 | D        | Received a gift from Trog
  5700 | D        | Killed a great orb of eyes
  5706 | D        | Killed a great orb of eyes
  5706 | D        | Reached skill level 18 in Long Blades
  5709 | D        | Got a transparent double sword {god gift}
  5737 | D        | Identified the +6 double sword of Darkness {slice, rElec} (Trog gifted it to you in the Dungeon)
  5758 | D        | HP: 3/83 [ettin/dire flail (39)]
  5857 | D        | Killed an ettin
  5941 | D        | Noticed a great orb of eyes
  5949 | D        | Killed a great orb of eyes
  5949 | D        | Received a gift from Trog
  5988 | D        | Noticed an iron dragon
  5989 | D        | Noticed a lich
  6001 | D        | Noticed an ettin
  6006 | D        | Noticed an entropy weaver
  6008 | D        | Killed an iron dragon
  6008 | D        | Reached skill level 17 in Fighting
  6010 | D        | Killed a lich
  6015 | D        | Killed an ettin
  6015 | D        | Reached skill level 12 in Armour
  6020 | D        | Noticed a white very ugly thing
  6026 | D        | Noticed a spriggan air mage
  6028 | D        | Killed an entropy weaver
  6202 | D        | Killed a white very ugly thing
  6269 | D        | Killed a spriggan air mage
  6509 | D        | Noticed a giant orange brain
  6513 | D        | Received a gift from Trog
  6521 | D        | Killed a giant orange brain
  6588 | D        | Noticed a yaktaur captain
  6588 | D        | Noticed a hill giant
  6588 | D        | Noticed a vampire mosquito
  6588 | D        | Noticed a hornet
  6588 | D        | Noticed a slime creature
  6588 | D        | Noticed a wolf spider
  6593 | D        | Killed a wolf spider
  6600 | D        | Killed a slime creature
  6601 | D        | Noticed a yaktaur
  6605 | D        | Noticed an ogre mage
  6605 | D        | Killed a hornet
  6609 | D        | Noticed an ogre mage
  6609 | D        | Killed a hill giant
  6609 | D        | Received a gift from Trog
  6610 | D        | Noticed a yaktaur captain
  6613 | D        | Noticed an unseen horror
  6617 | D        | Killed a yaktaur captain
  6617 | D        | Reached XP level 14. HP: 31/90 MP: 5/15
  6644 | D        | Killed a vampire mosquito
  6709 | D        | Killed a yaktaur
  6731 | D        | Killed an ogre mage
  6736 | D        | Killed an ogre mage
  6736 | D        | Received a gift from Trog
  6786 | D        | Killed a yaktaur captain
  6826 | D        | Killed an unseen horror
  6826 | D        | Reached skill level 19 in Long Blades
  6826 | D        | Reached skill level 13 in Armour
  6905 | D        | Noticed a harpy
  6906 | D        | Noticed an ice dragon
  6906 | D        | Noticed a vault warden
  6907 | D        | Noticed a boulder beetle
  6911 | D        | Noticed a centaur warrior
  6913 | D        | Killed a harpy
  6915 | D        | Noticed a stone giant
  6917 | D        | Noticed a soldier ant
  6923 | D        | Killed an ice dragon
  6923 | D        | Received a gift from Trog
  6923 | D        | Reached skill level 18 in Fighting
  6926 | D        | Killed a vault warden
  6929 | D        | a soldier ant changed into an ice beast
  6932 | D        | Killed a boulder beetle
  6939 | D        | Killed a stone giant
  6939 | D        | Received a gift from Trog
  6944 | D        | Noticed a flayed ghost
  6944 | D        | Noticed a stone giant
  6944 | D        | Noticed a salamander stormcaller
  6948 | D        | Killed a salamander stormcaller
  6953 | D        | Killed a centaur warrior
  6953 | D        | Received a gift from Trog
  6957 | D        | Killed a stone giant
  6960 | D        | Killed a flayed ghost
  6971 | D        | Got a transparent long sword {god gift}
  7114 | D        | Identified the +2 long sword of Quick Death {elec, rC+ Str-4 SInv Stlth+} (Trog gifted it to you in the Dungeon)
  7145 | D        | Noticed a four-headed hydra
  7153 | D        | Killed a one-headed hydra
  7258 | D        | Noticed a swamp dragon
  7269 | D        | Killed a swamp dragon
  7375 | D        | Noticed a six-headed hydra
  7390 | D        | Killed a two-headed hydra
  7750 | D        | Noticed a greater naga
  7750 | D        | Noticed a naga
  7750 | D        | Noticed a naga warrior
  7750 | D        | Noticed a greater naga
  7750 | D        | Noticed a greater naga
  7750 | D        | Noticed a naga warrior
  7752 | D        | Noticed a greater naga
  7762 | D        | Killed a naga warrior
  7762 | D        | Received a gift from Trog
  7972 | D        | Killed a greater naga
  8274 | D        | Killed a greater naga
  8274 | D        | Reached skill level 14 in Armour
  8322 | D        | Killed a greater naga
  8364 | D        | Noticed a naga warrior
  8366 | D        | Killed a greater naga
  8366 | D        | Received a gift from Trog
  8371 | D        | Killed a naga
  8376 | D        | Killed a naga warrior
  8385 | D        | Killed a naga warrior
  8385 | D        | Reached skill level 19 in Fighting
  8385 | D        | Reached skill level 20 in Long Blades
  8426 | D        | Noticed a guardian serpent
  8426 | D        | Noticed a greater naga
  8432 | D        | Killed a guardian serpent
  8432 | D        | Received a gift from Trog
  8568 | D        | Killed a greater naga
  8653 | D        | Noticed a naga
  8662 | D        | Killed a naga
  8686 | D        | Noticed a greater naga
  8687 | D        | Noticed a naga
  8689 | D        | Got a serpentine rune of Zot
  8702 | D        | Killed a greater naga
  8705 | D        | Killed a naga
  8705 | D        | Received a gift from Trog
  8993 | D        | Noticed a redback
  8993 | D        | Noticed a wolf spider
  8993 | D        | Noticed a moth of wrath
  8993 | D        | Noticed a ghost moth
  8993 | D        | Noticed a redback
  8993 | D        | Noticed a moth of wrath
  9001 | D        | Killed a moth of wrath
  9005 | D        | Killed a redback
  9007 | D        | Noticed a ghost moth
  9015 | D        | Killed a ghost moth
  9017 | D        | Killed a moth of wrath
  9021 | D        | Killed a wolf spider
  9028 | D        | Killed a redback
  9028 | D        | Received a gift from Trog
  9039 | D        | Killed a ghost moth
  9039 | D        | Reached skill level 15 in Armour
  9044 | D        | Noticed a jumping spider
  9045 | D        | Noticed a ghost moth
  9046 | D        | Noticed an emperor scorpion
  9047 | D        | Noticed a jumping spider
  9048 | D        | Noticed a wolf spider
  9050 | D        | Noticed an emperor scorpion
  9051 | D        | Killed a jumping spider
  9056 | D        | Killed a jumping spider
  9065 | D        | Killed a ghost moth
  9074 | D        | Killed an emperor scorpion
  9074 | D        | Received a gift from Trog
  9077 | D        | Killed a wolf spider
  9079 | D        | Got a twisted scimitar {god gift}
  9088 | D        | Killed an emperor scorpion
  9093 | D        | Got a gossamer rune of Zot
  9117 | D        | Identified the +8 scimitar "Itaint" {flame, rF+ rN+ Str+4 Stlth+} (Trog gifted it to you in the Dungeon)
  9292 | D        | Noticed a merfolk aquamancer
  9292 | D        | Noticed a merfolk impaler
  9292 | D        | Noticed a merfolk javelineer
  9292 | D        | Noticed a merfolk aquamancer
  9292 | D        | Noticed a merfolk aquamancer
  9292 | D        | Noticed a merfolk
  9293 | D        | Noticed Ilsuiw
  9295 | D        | Killed a merfolk aquamancer
  9295 | D        | Reached XP level 15. HP: 98/98 MP: 5/16
  9325 | D        | Killed a merfolk aquamancer
  9325 | D        | Received a gift from Trog
  9329 | D        | Killed a merfolk javelineer
  9336 | D        | Killed a merfolk aquamancer
  9343 | D        | Killed a merfolk impaler
  9343 | D        | Received a gift from Trog
  9346 | D        | Killed a merfolk
  9349 | D        | Killed Ilsuiw
  9364 | D        | Noticed a merfolk
  9369 | D        | Killed a merfolk
  9370 | D        | Noticed a merfolk aquamancer
  9378 | D        | Killed a merfolk aquamancer
  9378 | D        | Received a gift from Trog
  9378 | D        | Reached skill level 20 in Fighting
  9379 | D        | Noticed a merfolk
  9389 | D        | Killed a merfolk
  9390 | D        | Noticed a merfolk javelineer
  9392 | D        | Noticed a merfolk javelineer
  9393 | D        | Noticed a merfolk avatar
  9405 | D        | Killed a merfolk javelineer
  9411 | D        | Killed a merfolk javelineer
  9411 | D        | Received a gift from Trog
  9411 | D        | Reached skill level 21 in Long Blades
  9424 | D        | Killed a merfolk avatar
  9445 | D        | Got a barnacled rune of Zot
  9523 | D        | Noticed a five-headed hydra
  9523 | D        | Noticed a seven-headed hydra
  9523 | D        | Noticed a swamp drake
  9523 | D        | Noticed a swamp dragon
  9525 | D        | Noticed a spiny frog
  9529 | D        | Noticed a swamp drake
  9533 | D        | Noticed a five-headed hydra
  9533 | D        | Killed a swamp dragon
  9542 | D        | Killed a two-headed hydra
  9542 | D        | Reached skill level 16 in Armour
  9550 | D        | Killed a one-headed hydra
  9550 | D        | Received a gift from Trog
  9552 | D        | Killed a three-headed hydra
  9554 | D        | Killed a swamp drake
  9557 | D        | Killed a spiny frog
  9558 | D        | Killed a swamp drake
  9570 | D        | Got a decaying rune of Zot
  9693 | D        | Noticed a vault guard
  9693 | D        | Noticed a vault guard
  9693 | D        | Noticed a vault guard
  9693 | D        | Noticed a vault guard
  9693 | D        | Noticed a vault guard
  9693 | D        | Noticed a vault guard
  9701 | D        | Killed a vault guard
  9702 | D        | Noticed a vault guard
  9702 | D        | Noticed a vault guard
  9722 | D        | Killed a vault guard
  9722 | D        | Received a gift from Trog
  9740 | D        | Killed a vault guard
  9741 | D        | Noticed a vault guard
  9743 | D        | Noticed a vault guard
  9752 | D        | Killed a vault guard
  9767 | D        | Killed a vault guard
  9771 | D        | Killed a vault guard
  9771 | D        | Received a gift from Trog
  9776 | D        | Killed a vault guard
  9783 | D        | Killed a vault guard
  9787 | D        | Killed a vault guard
  9790 | D        | Killed a vault guard
  9828 | D        | Noticed a vault guard
  9837 | D        | Killed a vault guard
  9837 | D        | Received a gift from Trog
  9840 | D        | Got a twisted long sword {god gift}
  9843 | D        | Noticed a vault guard
  9844 | D        | Noticed a vault guard
  9854 | D        | Identified the +3 long sword "Vaocsisu" {slice, rC+ Dex+3} (Trog gifted it to you in the Dungeon)
 10633 | D        | Noticed a swamp dragon
 10640 | D        | Killed a swamp dragon
 10921 | D        | Fell from the grace of Trog
 10921 | D        | Became a worshipper of the Shining One
 11920 | D        | Killed a vault guard
 11928 | D        | Noticed a vault guard
 11937 | D        | Killed a vault guard
 11942 | D        | Killed a vault guard
 12150 | D        | Noticed a vault guard
 12160 | D        | Killed a vault guard
 12500 | D        | Noticed a vault guard
 12500 | D        | Reached * piety under the Shining One
 12508 | D        | Killed a vault guard
 12519 | D        | Noticed a vault guard
 12520 | D        | Noticed a vault guard
 12521 | D        | Noticed a vault guard
 12521 | D        | Reached ** piety under the Shining One
 12521 | D        | Noticed a vault guard
 12522 | D        | Noticed a vault guard
 12527 | D        | Noticed a vault guard
 12529 | D        | Noticed a vault guard
 12529 | D        | Reached *** piety under the Shining One
 12529 | D        | Killed a vault guard
 12529 | D        | Reached skill level 21 in Fighting
 12535 | D        | Killed a vault guard
 12535 | D        | Reached skill level 17 in Armour
 12535 | D        | Reached skill level 1 in Invocations
 12543 | D        | Noticed a vault guard
 12544 | D        | Killed a vault guard
 12544 | D        | Reached skill level 2 in Invocations
 12549 | D        | Noticed a vault guard
 12550 | D        | Killed a vault guard
 12623 | D        | Killed a vault guard
 12623 | D        | Reached skill level 22 in Long Blades
 12623 | D        | Reached skill level 3 in Invocations
 13116 | D        | Killed a vault guard
 13169 | D        | Killed a vault guard
 13169 | D        | Reached skill level 4 in Invocations
 13183 | D        | Killed a vault guard
 13213 | D        | Killed a vault guard
 13222 | D        | Noticed an ancient lich
 13222 | D        | Reached **** piety under the Shining One
 13222 | D        | Noticed an ironheart preserver
 13222 | D        | Noticed an ironbrand convoker
 13222 | D        | Noticed an ogre mage
 13222 | D        | Reached ***** piety under the Shining One
 13222 | D        | Noticed an ironheart preserver
 13222 | D        | Noticed a necromancer
 13223 | D        | Noticed a vault sentinel
 13226 | D        | Killed an ironheart preserver
 13226 | D        | Reached skill level 5 in Invocations
 13229 | D        | Noticed an ironbrand convoker
 13232 | D        | Killed a necromancer
 13241 | D        | Killed an ogre mage
 13246 | D        | Noticed an ogre mage
 13246 | D        | Reached ****** piety under the Shining One
 13253 | D        | Blown up by an ancient lich

Table legend:
 A = Turns spent in this place as a percentage of turns spent in the entire game.
 B = Non-inter-level travel turns spent in this place as a percentage of non-inter-level travel turns spent in the entire game.
 C = Inter-level travel turns spent in this place as a percentage of turns spent in this place.
 D = Turns resting spent in this place as a percentage of non-inter-level travel turns spent in this place.
 E = Turns spent auto-exploring this place as a percentage of non-inter-level travel turns spent in this place.
 F = Non-inter-level travel turns spent in this place divided by the number of levels of this place that you've seen.
                   A       B       C       D       E      F
               +-------+-------+-------+-------+-------+----------------------
         Total | 100.0 | 100.0 |   0.2 |   5.2 |   1.0 | 4801.0
       Dungeon | 100.0 | 100.0 |   0.2 |   5.2 |   1.0 | 4801.0
               +-------+-------+-------+-------+-------+----------------------

Table legend:
 A = Kills in this place as a percentage of kills in entire the game.
 B = Kills by you in this place as a percentage of kills by you in the entire game.
 C = Kills by friends in this place as a percentage of kills by friends in the entire game.
 D = Other kills in this place as a percentage of other kills in the entire game.
 E = Experience gained in this place as a percentage of experience gained in the entire game.
 F = Experience gained in this place divided by the number of levels of this place that you have seen.
                   A       B       C       D       E      F
               +-------+-------+-------+-------+-------+----------------------
         Total | 100.0 | 100.0 | 100.0 |  -nan | 100.0 | 143924.0
       Dungeon | 100.0 | 100.0 | 100.0 |  -nan | 100.0 | 143924.0
               +-------+-------+-------+-------+-------+----------------------

Vanquished Creatures
  7 greater nagas (D)
  Ilsuiw (D)
  A fire giant (D)
  3 ghost moths (D)
  A vault warden (D)
  An emperor scorpion (D)
  A very ugly thing (D)
  A stone giant (D)
  An ironheart preserver (D)
  An ettin (D)
  2 merfolk javelineers (D)
  A fire dragon (D)
  18 vault guards (D)
  2 yaktaur captains (D)
  An entropy weaver (D)
  8 hydras (D)
  3 great orbs of eyes (D)
  Harold (D)
  2 naga warriors (D)
  An ice dragon (D)
  An anaconda (D)
  A merfolk avatar (D)
  An alligator snapping turtle (D)
  6 ogre magi (D)
  A spriggan air mage (D)
  A centaur warrior (D)
  3 merfolk aquamancers (D)
  2 deep troll shamans (D)
  A vampire mage (D)
  A satyr (D)
  An orc high priest (D)
  A shock serpent (shapeshifter) (D)
  A spriggan druid (D)
  2 unseen horrors (D)
  2 deep trolls (D)
  3 swamp dragons (D)
  2 hill giants (D)
  A giant orange brain (D)
  A harpy (D)
  4 wolf spiders (D)
  A harpy (shapeshifter) (D)
  2 necromancers (D)
  2 sirens (D)
  A moth of wrath (D)
  A hornet (D)
  A water nymph (D)
  2 spiny frogs (D)
  A gargoyle (D)
  A guardian serpent (D)
  A naga mage (D)
  2 black mambas (D)
  4 demonic crawlers (D)
  A yaktaur (D)
  A freezing wraith (D)
  4 merfolk (D)
  6 two-headed ogres (D)
  3 jumping spiders (D)
  4 polar bears (D)
  2 trolls (D)
  A blink frog (D)
  2 slime creatures (D)
  A boulder beetle (D)
  A bog body (D)
  A trapdoor spider (D)
  A redback (D)
  A water elemental (D)
  3 yaks (D)
  2 basilisks (D)
  A spriggan (D)
  A deep elf mage (D)
  A vampire mosquito (D)
  A water moccasin (D)
  A soldier ant (shapeshifter) (D)
  A wolf (D)
  A wasp (D)
  3 nagas (D)
  8 black bears (D)
  2 porcupines (D)
  An orc warrior (D)
  4 ogres (D)
  A phantom (D)
  3 swamp drakes (D)
  2 crocodiles (D)
  2 giant frogs (D)
  A crimson imp (D)
  A jelly (D)
  An iguana (D)
  A sheep (D)
  An adder (D)
  2 river rats (D)
  A shadow imp (D)
  2 adder zombies (D)
  3 orcs (D)
  2 bats (D)
  A bat zombie (D)
  A hobgoblin (D)
  2 jackals (D)
  A quokka (D)
  A ball python skeleton (D)
  A goblin (D)
  A quokka skeleton (D)
  A rat (D)
203 creatures vanquished.

Vanquished Creatures (collateral kills)
  A juggernaut (D)
  A lich (D)
  A thorn hunter (D)
  An iron dragon (D)
  A frost giant (D)
  A ghost moth (D)
  An emperor scorpion (D)
  3 stone giants (D)
  A salamander stormcaller (D)
  An ettin (D)
  A merfolk javelineer (D)
  A merfolk impaler (D)
  7 vault guards (D)
  An ice dragon (D)
  A naga warrior (D)
  An ogre mage (D)
  An anaconda (D)
  A merfolk aquamancer (D)
  A tengu warrior (D)
  A shock serpent (D)
  A flayed ghost (D)
  3 orc knights (D)
  An ugly thing (D)
  A moth of wrath (D)
  A wolf spider (D)
  A black mamba (D)
  A spiny frog (D)
  A naga mage (D)
  A merfolk (D)
  A shadow (D)
  A redback (D)
  A wasp (D)
  10 orc warriors (D)
  2 ogres (D)
  4 orc priests (D)
  5 orcs (D)
  A quokka skeleton (D)
64 creatures vanquished.

Grand Total: 267 creatures vanquished
